 Dungeon Crawl Stone Soup version 0.27.0-1-g7a089689b8 (webtiles) character file.

Game seed: 14297563816975319726

25 Malachi the Skirmisher (level 2, 25/25 HPs)
             Began as a Palentonga Fighter on Aug 13, 2021.
             Was a Follower of Vehumet.
             Got out of the dungeon alive.
             The game lasted 00:01:01 (1302 turns).

Malachi the Skirmisher (Palentonga Fighter)         Turns: 1302, Time: 00:01:02

Health: 25/25      AC:  6    Str: 19    XL:     2   Next: 86%
Magic:  2/2        EV:  5    Int:  8    God:    Vehumet [*.....]
Gold:   38         SH:  8    Dex:  9    Spells: 1/1 levels left

rFire    . . .     SeeInvis +   a - +0 war axe
rCold    . . .     Faith    .   c - +0 kite shield
rNeg     . . .     Spirit   .   b - +0 scale mail
rPois    .         Reflect  .   (no helmet)
rElec    .         Harm     .   (no cloak)
rCorr    .         Rampage  .   (no gloves)
Will     .....                  (no barding)
Stlth    ..........             (no amulet)
HPRegen  0.08/turn              (no ring)
MPRegen  0.08/turn              (no ring)

@: no status effects
A: large, rugged brown scales 3, see invisible, deformed body, roll 1, armoured
tail
a: Rolling Charge, Renounce Religion


You escaped.
You worshipped Vehumet.
Vehumet was aware of your devotion.
You visited 1 branch of the dungeon, and saw 2 of its levels.

You collected 38 gold pieces.

Inventory:

Hand Weapons
 a - a +0 war axe (weapon)
Armour
 b - a +0 scale mail (worn)
 c - a +0 kite shield (worn)
Scrolls
 e - a scroll of identify {unknown}
 g - 2 scrolls of magic mapping {unknown}
 j - a scroll of summoning {unknown}
Potions
 d - a potion of might
 f - a potion of berserk rage {unknown}
 h - a potion of cancellation {unknown}
 i - a potion of haste {unknown}


   Skills:
 + Level 3.2 Fighting
 + Level 2.6 Axes
 + Level 2.7 Armour
 + Level 2.5 Shields


You had one spell level left.
You didn't know any spells.
Your spell library contained the following spells:

 Spells                   Type           Power      Damage    Failure   Level
 Shock                    Conj/Air       0%         1d3       99%         1
 Blink                    Tloc           N/A        N/A       100%        2
 Manifold Assault         Tloc           0%         N/A       100%        5
 Storm Form               Tmut/Air       0%         N/A       100%        7


Dungeon Overview and Level Annotations

Branches:
Dungeon (2/15)

Altars:
Vehumet


Innate Abilities, Weirdness & Mutations

You are completely covered in rugged brown scales. (AC +3, +7% HP)
You have supernaturally acute eyesight. (SInv)
Armour fits poorly on your strangely shaped body.
You can roll at nearby foes to attack.
You have a long armoured tail.


Message History

You block the goblin's attack. x2
You closely miss the goblin. You tail-slap the goblin.
The goblin is heavily wounded.
You block the goblin's attack.
You slash the goblin!
You kill the goblin!
No target in view!
j - a scroll labelled PENINLO IMIORPH
g - 2 scrolls labelled JAEMOWNOFUNK (gained 1)
Found a faded altar of an unknown god.
A rat comes into view.
A rat is nearby!
A rat is nearby!
A rat is nearby!
You enter the shallow water.
Moving in this stuff is going to be slow.
You block the rat's attack.
You hit the rat.
You kill the rat!
No target in view!
No target in view!
You enter the shallow water.
Moving in this stuff is going to be slow.
Found a scroll labelled YTA UVITZU.
Found a hunting sling.
There is a faded altar of an unknown god here.
You cannot tell which god this altar belongs to.
Convert to them anyway?
Vehumet accepts your prayer! Vehumet welcomes you!
You can now gain magical power from killing.
Vehumet offers you knowledge of Shock.
There is a stone staircase leading up here.
You climb upwards.
There is a stone staircase leading down here.
You see here a +0 club.
There is a staircase leading out of the dungeon here.
Unknown command.
There is a staircase leading out of the dungeon here.
Are you sure you want to leave the Dungeon?
This will make you lose the game!
You have escaped!

..#......#.#.#.############
..#..#####.#.........##
..#..........♣..P....P##
..#.######.♣.♣......♣♣.##########
###.# #.P........P...P.........
#.# #♣.....P.P......#.#######
###.# #.♣♣.P.....P..♣P.........
....# #..P..............#...###
####### #♣..P...@...P.....#.....#
......# #.............♣...#.#.#.#
......# #..♣.P.....P......#......
......# #..P...P.P........###.#.#
####### #....♣............#......
# ##..........PP.#..##.#### #
##.♣P♣.PP....##......... #
#...P......###..##.#### #
##.##....#### #.........


There were no monsters in sight!

Vanquished Creatures
  3 endoplasms (D:1)
  A giant cockroach (D:1)
  3 goblins
  5 hobgoblins (D:1)
  A ball python (D:1)
  3 bats
  2 frilled lizards (D:1)
  3 kobolds (D:1)
  2 rats
23 creatures vanquished.

Vanquished Creatures (others)
  3 plants (D:1)
3 creatures vanquished.

Grand Total: 26 creatures vanquished

Notes
Turn   | Place    | Note
-------+----------+-------------------------------------------
     0 | D:1      | Malachi the Palentonga Fighter began the quest for the Orb.
     0 | D:1      | Reached XP level 1. HP: 19/19 MP: 1/1
   151 | D:1      | Reached XP level 2. HP: 19/25 MP: 2/2
  1222 | D:2      | Found a faded altar of an unknown god.
  1235 | D:2      | Became a worshipper of Vehumet
  1235 | D:2      | Reached * piety under Vehumet
  1235 | D:2      | Offered knowledge of Shock by Vehumet.
  1302 | D:$      | Got out of the dungeon alive.

Illustrated notes

Levels and vault maps discovered:
D:1:      wander_arrival_fairy_ring, layout_basic, lemuel_old_faithful
D:2:      layout_basic, shapermc_ecumenical_altar_starsandcircs

Action                   || total
-------------------------++-------
Melee: War axe           ||    36
       Tailslap          ||     6
Armor: Scale mail        ||    14
Dodge: Dodged            ||     3
Block: Kite shield       ||    15
